 Dungeon Crawl Stone Soup version 0.17.1-3-g152610e (webtiles) character file.

3581 sveltemanboy the Tainter (level 9, -7/62 (65) HPs)
             Began as a Demonspawn Monk on Apr 12, 2016.
             Was a Priest of Vehumet.
             Mangled by a wolf spider zombie (15 damage)
             ... on level 10 of the Dungeon.
             The game lasted 00:33:10 (9260 turns).

sveltemanboy the Tainter (Demonspawn Monk)          Turns: 9260, Time: 00:33:10

HP:   -7/62 (65)    AC:  7    Str: 11    XL:     9   Next: 84%
MP:   12/12         EV: 13    Int: 18    God:    Vehumet [***...]
Gold: 501           SH:  0    Dex: 17    Spells: 4 memorised, 2 levels left

rFire  + + .     SeeInvis .     a - +3 falchion of Juaqewib {slice, rF+ Int+4}
rCold  + . .     Clarity  +     c - +0 robe {rF+}
rNeg   . . .     SustAt   .     (no shield)
rPois  .         Gourm    .     u - +0 hat
rElec  .         Spirit   .     w - +0 cloak
rCorr  .         Warding  .     (no gloves)
rMut   .         Stasis   .     (no boots)
MR     .....                    v - amulet of clarity
Stlth  ++........               o - ring of wizardry
                                k - ring of wizardry

@: not resistant to hostile enchantments, unstealthy
A: talons 1, icy blue scales 3, demonic guardian 1, spiny 1
a: Renounce Religion


You were on level 10 of the Dungeon.
You worshipped Vehumet.
Vehumet was most pleased with you.
You were hungry.

You visited 2 branches of the dungeon, and saw 11 of its levels.

You collected 501 gold pieces.

Inventory:

Hand Weapons
 a - the +3 falchion of Juaqewib (weapon) {slice, rF+ Int+4}
   (You took it off a centaur on level 6 of the Dungeon)

   It inflicts extra damage upon your enemies.
   It affects your intelligence (+4).
   It protects you from fire.
Armour
 c - a +0 robe of fire resistance (worn)
 u - a +0 hat (worn)
 w - a +0 cloak (worn)
Jewellery
 e - an uncursed ring of protection from magic
 k - a ring of wizardry (left hand)
 o - a ring of wizardry (right hand)
 v - an amulet of clarity (around neck)
Wands
 h - a wand of frost (25)
 t - a wand of invisibility (4)
 B - a wand of digging (12)
Scrolls
 i - 2 scrolls of fog
 l - 2 scrolls of remove curse
 n - 3 scrolls of teleportation
 r - 4 scrolls of identify
 s - a scroll of enchant armour
 x - 5 scrolls of recharging
Potions
 d - a potion of agility
 g - 2 potions of curing
 p - 2 potions of flight
 C - a potion of haste
Books
 m - a book of Party Tricks

   Spells                             Type                      Level
   a - Summon Butterflies             Summoning                    1
   b - Apportation                    Translocation                1
   c - Tukima's Dance                 Hexes                        3
   d - Alistair's Intoxication        Transmutation/Poison         4
   e - Invisibility                   Hexes                        6
 q - a Fen Folio

   Spells                             Type                      Level
   a - Corpse Rot                     Necromancy                   2
   b - Stone Arrow                    Conjuration/Earth            3
   c - Leda's Liquefaction            Hexes/Earth                  4
   d - Summon Forest                  Summoning/Translocation      5
   e - Hydra Form                     Transmutation                6
   f - Summon Hydra                   Summoning                    7
Comestibles
 b - 9 bread rations
 f - 3 beef jerkies
 z - 6 meat rations
 A - 2 chunks of flesh


   Skills:
 - Level 4.0 Fighting
 - Level 2.9 Long Blades
 - Level 2.1 Armour
 - Level 4.0 Dodging
 - Level 1.7 Stealth
 - Level 3.6 Unarmed Combat
 + Level 2.5 Spellcasting
 * Level 8.3 Conjurations
 - Level 1.1 Air Magic
 * Level 8.9 Poison Magic


You had 2 spell levels left.
You knew the following spells:

 Your Spells              Type           Power        Failure   Level  Hunger
a - Sting                 Conj/Pois      ####         1%          1    #......
b - Mephitic Cloud        Conj/Pois/Air  ###.....     1%          3    ###....
c - Venom Bolt            Conj/Pois      ####......   2%          5    ######.
d - Blink                 Tloc           N/A          8%          2    ##.....


Dungeon Overview and Level Annotations

Branches:
Dungeon (10/15)            Temple (1/1) D:7            Lair (0/8) D:9
    Orc: D:9-12

Altars:
Ashenzari
Cheibriados
Dithmenos
Elyvilon
Fedhas
Gozag
Kikubaaqudgha
Makhleb
Nemelex Xobeh
Okawaru
Qazlal
Ru
Sif Muna
Trog
Vehumet
Xom
Yredelemnul
Zin
The Shining One

Shops:
D:10 *


Innate Abilities, Weirdness & Mutations

You have sharp toenails.
You are completely covered in icy blue scales (AC +4, EV -1, rC+).
A weak demonic guardian rushes to your aid.
You are partially covered in sharp spines.


Message History

You claw the wolf spider zombie, but do no damage.
The wolf spider zombie closely misses you.
The wolf spider zombie bites you. The wolf spider zombie hits you.
The wolf spider zombie bites you.
You hit the wolf spider zombie.
Your kick misses the wolf spider zombie.
The wolf spider zombie hits you! The wolf spider zombie bites you.
Your crimson imp hits the wolf spider zombie.
The wolf spider zombie is struck by your spines.
The wolf spider zombie hits you!
* * * LOW HITPOINT WARNING * * *
The wolf spider zombie closely misses you.
Drink which item? (? for menu, Esc to quit)
Okay, then.
You hit the wolf spider zombie.
You are feeling hungry.
Your iron imp hits the wolf spider zombie.
Your crimson imp blinks!
The wolf spider zombie hits you!
You die...

......##.....<........>
............[...........
......................#..
..........########.......
...........#......#......
8.8.8....#.#.####.#......
.⌠.⌠.....#.#......+......
8.∩.8...........#.# .. .
.⌠.⌠...#@#......#.#######
8.8.8..Z§#......#.#.....#
.#......5#......#.#.###.#
#.......#..........# #.#
....................###.#
##......##.####..........
...5........ ............
....###..................
.... #.. ......≈........


You could see a wolf spider zombie, a friendly iron imp and a friendly crimson
imp.

Vanquished Creatures
  A spriggan (D:8)
  Sigmund (D:5)
  3 yaks (D:9)
  A hippogriff (D:9)
  2 orc warriors
  A sky beast (D:6)
  A phantom (D:6)
  2 ogres
  2 centaurs
  2 necrophages
  3 giant frogs
  A wyvern skeleton (D:9)
  A scorpion (D:5)
  3 wights (D:6)
  6 killer bees (D:9)
  4 crimson imps
  A quasit (D:5)
  A giant frog zombie (D:9)
  2 jellies
  3 orc priests
  A giant frog skeleton (D:5)
  An iguana (D:4)
  2 worker ants
  Jessica (D:3)
  Natasha (thrice) (D:3)
  10 orc wizards
  A hound (D:6)
  A killer bee zombie (D:8)
  A hound zombie (D:7)
  A hound skeleton (D:5)
  3 worker ant zombies
  4 gnolls
  13 adders
  A shadow imp (D:6)
  An adder zombie (D:7)
  An adder skeleton (D:4)
  4 worms
  5 giant geckos
  29 orcs
  2 ball pythons (D:3)
  12 giant cockroaches
  9 goblins
  7 hobgoblins
  3 quokkas
  3 bats
  A giant gecko skeleton (D:4)
  7 giant newts
  17 jackals
  10 kobolds
  A quokka skeleton (D:7)
  5 rats
201 creatures vanquished.

Vanquished Creatures (collateral kills)
  A centaur (D:7)
  A crimson imp (D:5)
  Terence (D:3)
  An iguana (D:5)
  A hound skeleton (D:6)
  3 orcs
  A giant cockroach (D:5)
  A hobgoblin (D:3)
  A jackal (D:5)
11 creatures vanquished.

Grand Total: 212 creatures vanquished

Notes
Turn   | Place    | Note
--------------------------------------------------------------
     0 | D:1      | sveltemanboy the Demonspawn Monk began the quest for the Orb.
     0 | D:1      | Reached XP level 1. HP: 18/18 MP: 1/1
   378 | D:1      | Gained mutation: You are partially covered in sharp spines. [demonic ancestry]
   378 | D:1      | Reached XP level 2. HP: 22/24 MP: 2/2
   698 | D:2      | Reached skill level 1 in Armour
   737 | D:2      | Reached XP level 3. HP: 29/29 MP: 3/3
  1553 | D:3      | Gained mutation: A weak demonic guardian rushes to your aid. [demonic ancestry]
  1553 | D:3      | Reached XP level 4. HP: 12/37 MP: 4/4
  1762 | D:3      | Noticed Terence
  1784 | D:3      | Killed Terence
  1784 | D:3      | Reached skill level 4 in Fighting
  1807 | D:3      | Learned a level 1 spell: Sting
  1851 | D:3      | Reached skill level 1 in Poison Magic
  1870 | D:3      | Reached XP level 5. HP: 30/42 MP: 5/5
  2092 | D:3      | Noticed Jessica
  2104 | D:3      | Killed Jessica
  2125 | D:3      | Noticed Natasha
  2332 | D:3      | Killed Natasha
  2332 | D:3      | Reached skill level 1 in Spellcasting
  2343 | D:3      | Noticed Natasha
  2348 | D:3      | Killed Natasha
  2514 | D:3      | Noticed Natasha
  2523 | D:3      | Killed Natasha
  2523 | D:3      | Reached skill level 1 in Conjurations
  2742 | D:3      | Learned a level 3 spell: Mephitic Cloud
  2824 | D:3      | Gained mutation: You have sharp toenails. [demonic ancestry]
  2824 | D:3      | Reached XP level 6. HP: 48/48 MP: 7/7
  3560 | D:5      | Entered Level 5 of the Dungeon
  3624 | D:5      | HP: 2/48 [something (3)]
  3636 | D:5      | Reached skill level 1 in Air Magic
  3689 | D:4      | Gained mutation: You are partially covered in icy blue scales (AC +1). [demonic ancestry]
  3689 | D:4      | Reached XP level 7. HP: 16/54 MP: 4/8
  4195 | D:5      | Noticed Sigmund
  4212 | D:5      | Killed Sigmund
  4212 | D:5      | Reached skill level 5 in Poison Magic
  4569 | D:6      | Gained mutation: You are mostly covered in icy blue scales (AC +3, EV -1). [demonic ancestry]
  4569 | D:6      | Reached XP level 8. HP: 58/60 MP: 9/9
  4602 | D:6      | Reached skill level 5 in Conjurations
  4817 | D:6      | HP: 2/60 [centaur/arrow (5)]
  4830 | D:6      | Reached skill level 6 in Poison Magic
  4929 | D:6      | Got an uncursed shimmering falchion {slice}
  5029 | D:6      | Identified the +3 falchion of Juaqewib {slice, rF+ Int+4} (You took it off a centaur on level 6 of the Dungeon)
  5115 | D:6      | Learned a level 5 spell: Venom Bolt
  5157 | D:6      | Found a burning altar of Makhleb.
  5381 | D:6      | Reached skill level 1 in Long Blades
  5773 | D:7      | Found a staircase to the Ecumenical Temple.
  5776 | D:7      | Reached skill level 7 in Poison Magic
  5788 | Temple   | Entered the Ecumenical Temple
  5932 | Temple   | Became a worshipper of Vehumet
  5932 | Temple   | Reached * piety under Vehumet
  5932 | Temple   | Offered knowledge of Flame Tongue by Vehumet.
  5932 | Temple   | Reached ** piety under Vehumet
  5948 | D:7      | Found a basalt altar of Yredelemnul.
  6290 | D:7      | Offered knowledge of Freeze by Vehumet.
  6889 | D:8      | Gained mutation: You are completely covered in icy blue scales (AC +4, EV -1, rC+). [demonic ancestry]
  6889 | D:8      | Reached XP level 9. HP: 45/63 MP: 4/10
  7686 | D:8      | Offered knowledge of Conjure Flame by Vehumet.
  7856 | D:8      | Reached skill level 8 in Poison Magic
  8038 | D:9      | Found a bloodstained altar of Trog.
  8357 | D:9      | Reached *** piety under Vehumet
  8679 | D:9      | Learned a level 2 spell: Blink
  8774 | D:9      | Found a staircase to the Lair.
  9152 | D:10     | Entered Level 10 of the Dungeon
  9203 | D:10     | Noticed a red ugly thing
  9252 | D:10     | Noticed a wolf spider zombie
  9253 | D:10     | Found Bicwied's General Store.
  9260 | D:10     | Mangled by a wolf spider zombie

Action                   |  1- 3 |  4- 6 |  7- 9 || total
-------------------------+-------+-------+-------++-------
Melee: Short sword       |    72 |   110 |    36 ||   218
       Unarmed           |     1 |       |       ||     1
       Falchion          |       |       |   126 ||   126
       Whip              |       |       |    31 ||    31
Throw: Throwing net      |       |       |     2 ||     2
 Cast: Sting             |       |    32 |    98 ||   130
       Mephitic Cloud    |       |       |    11 ||    11
       Venom Bolt        |       |       |     5 ||     5
Evoke: Wand              |       |     4 |       ||     4
  Use: Potion            |       |    10 |     4 ||    14
       Scroll            |       |     2 |    10 ||    12
 Stab: Sleeping          |     1 |     3 |     6 ||    10
       Distracted        |       |     1 |     1 ||     2
       Invisible         |       |     5 |     1 ||     6
       Confused          |       |       |     1 ||     1
  Eat: Chunk             |     2 |     8 |    20 ||    30
       Beef jerky        |       |       |     2 ||     2
       Pizza             |       |       |     1 ||     1
